 Dungeon Crawl Stone Soup version 0.24.0-1-gfbc8707 (webtiles) character file.

Game seed: 87363078514161322, levelgen mode: deterministic

308 Buxparty the Covert (level 6, 0/30 HPs)
             Began as a Spriggan Assassin on Jan 1, 2020.
             Succumbed to poison (a dart trap)
             ... in an ossuary.
             The game lasted 00:12:30 (3544 turns).

Buxparty the Covert (Spriggan Assassin)             Turns: 3544, Time: 00:12:30

Health: 0/30       AC:  2    Str:  9    XL:     6   Next: 17%
Magic:  7/7        EV: 24    Int: 13    God:
Gold:   121        SH:  0    Dex: 19    Spells: 5/5 levels left

rFire    . . .     SeeInvis +   h - -1 dagger (curse)
rCold    . . .     Gourm    .   (shield restricted)
rNeg     . . .     Faith    .   b - +0 robe
rPois    .         Spirit   .   (helmet restricted)
rElec    .         Reflect  .   c - +0 cloak
rCorr    .         Harm     .   (gloves unavailable)
MR       +....                  (boots unavailable)
Stlth    ++++......             (no amulet)
HPRegen  0.10/turn              o - +3 ring of evasion
MPRegen  0.10/turn              (no ring)

@: lethally poisoned (0 -> -5), very quick
A: very small, unfitting armour, hooves 2, see invisible, agile 1, deformed
body, herbivore, speed 3, slow metabolism 2
a: no special abilities


You were in an ossuary.
You were not hungry.

You visited 1 branch of the dungeon, and saw 4 of its levels.
You also visited: Ossuary.

You collected 121 gold pieces.

Inventory:

Hand Weapons
 a - a +2 dagger
 h - a cursed -1 dagger (weapon)
Missiles
 d - 15 poisoned darts
 e - 2 curare-tipped darts (quivered)
 g - 99 arrows
 l - 34 sling bullets
Armour
 b - a +0 robe (worn)
 c - a +0 cloak (worn)
Jewellery
 o - a +3 ring of evasion (left hand)
Scrolls
 j - 3 scrolls of identify
 n - 2 scrolls of amnesia
 q - a scroll of teleportation
Potions
 p - 2 potions of agility
Comestibles
 f - 3 rations


   Skills:
 - Level 1.5 Fighting
 + Level 4.5 Short Blades
 - Level 2.0 Throwing
 + Level 5.2 Dodging
 + Level 8.2 Stealth


You had 5 spell levels left.
You didn't know any spells.
Your spell library was empty.

Dungeon Overview and Level Annotations

Branches:
Dungeon (4/15)            Ossuary (1/1)
 Temple: D:4-7

Altars:
The Shining One


Innate Abilities, Weirdness & Mutations

You are very small and have problems with some larger weapons.
You are too small for most types of armour.
You have supernaturally acute eyesight. (SInv)
You are a herbivore.
You cover ground extremely quickly.
You need to consume almost no food.
You have hoof-like feet.
You are agile. (Dex +2)
Armour fits poorly on your strangely shaped body.


Message History

You feel sick.
There is a dart trap here.
You open the door.
* * * LOW HITPOINT WARNING * * *
You feel sick.
There is an open door here.
* * * LOW HITPOINT WARNING * * *
You feel sick.
A centaur zombie comes into view.
A scorpion comes into view.
* * * LOW HITPOINT WARNING * * *
You feel sick.
A scorpion and 2 zombies come into view.
* * * LOW HITPOINT WARNING * * *
You feel sick.
* * * LOW HITPOINT WARNING * * *
You feel sick. The scorpion completely misses you.
You open the door.
You die...

############# #####
#.....#.....#^^^#?.
#.....#...s@'^^^#!M
#.....8...Z.#^^^#..
#...........# +####
#...........#
###8.....8###
#Z..........#
#...........#
#.....8.....#
#.....#.....#


You could see a mummy (dormant), a scorpion and a centaur zombie.

Vanquished Creatures
  2 scorpions (Ossuary)
  An orc priest (D:3)
  9 adders
  2 oozes (D:1)
  3 worms (D:2)
  A dart slug (D:1)
  3 leopard geckos
  7 orcs (D:3)
  6 bats
  A giant cockroach (D:3)
  4 goblins
  9 hobgoblins
  8 jackals
  4 kobolds
  A quokka (D:2)
  7 frilled lizards
  2 hobgoblin zombies (Ossuary)
  A kobold zombie (Ossuary)
  An orc zombie (Ossuary)
  4 rats
76 creatures vanquished.

Notes
Turn   | Place    | Note
-------+----------+-------------------------------------------
     0 | D:1      | Buxparty the Spriggan Assassin began the quest for the Orb.
     0 | D:1      | Reached XP level 1. HP: 10/10 MP: 2/2
   152 | D:1      | Reached skill level 6 in Stealth
   182 | D:1      | Reached XP level 2. HP: 14/14 MP: 3/3
   502 | D:1      | Reached XP level 3. HP: 15/18 MP: 4/4
  1272 | D:2      | Reached XP level 4. HP: 19/22 MP: 5/5
  1360 | D:2      | Reached skill level 7 in Stealth
  1955 | D:2      | Found a glowing golden altar of the Shining One.
  2483 | D:3      | Reached XP level 5. HP: 23/25 MP: 6/6
  3417 | D:4      | Gained mutation: You are agile. (Dex +2) [potion of
                  | mutation]
  3417 | D:4      | Gained mutation: Armour fits poorly on your strangely
                  | shaped body. [potion of mutation]
  3417 | D:4      | Gained mutation: You have large cloven feet. [potion of
                  | mutation]
  3417 | D:4      | Gained mutation: You have hoof-like feet. [potion of
                  | mutation]
  3439 | D:4      | Found a sand-covered staircase.
  3446 | Ossuary  | Entered an ossuary
  3487 | Ossuary  | Reached skill level 5 in Dodging
  3487 | Ossuary  | Reached skill level 8 in Stealth
  3521 | Ossuary  | Reached XP level 6. HP: 5/30 MP: 7/7
  3541 | Ossuary  | HP: 1/30 [poison (a dart trap)]
  3544 | Ossuary  | Succumbed to poison (a dart trap)

Levels and vault maps discovered:
D:1:      nicolae_arrival_washed_ashore, layout_basic
D:2:      layout_basic, lemuel_coloured_pillars_altar, minmay_tetromino_s4
D:3:      layout_basic, first_ration
D:4:      layout_basic, lightli_ossuary_entry_decrepit_ruins, st_stairs_3,
          grunt_ministairs_9, kennysheep_opposing_triangles, uniq_sigmund
Ossuary:  ossuary_minmay_scorpions

Skill      XL: |  1  2  3  4  5 |
---------------+----------------+-----
Dodging        | 2 3 4 5 |  5.2
Stealth        | 6 7 8 |  8.2
Short Blades   | 3 4 |  4.5
Fighting       | |  1.5
Throwing       | |  2.0

Action                   |  1- 3 |  4- 6 || total
-------------------------+-------+-------++-------
Melee: Dagger            |   100 |   327 ||   427
       Kick              |       |    15 ||    15
Throw: Dart              |     7 |    16 ||    23
  Use: Scroll            |       |     4 ||     4
       Potion            |       |     5 ||     5
 Stab: Sleeping          |    10 |    13 ||    23
  Eat: Ration            |     1 |       ||     1
Armor: Robe              |     9 |    26 ||    35
Dodge: Dodged            |    57 |   339 ||   396
